 Dungeon Crawl Stone Soup version 0.30-a0-253-g6b895097cc (webtiles) character file.

Game seed: 1883398098343548041

7 BritishOli the Trooper (level 1, -3/18 HPs)
             Began as a Demonspawn Fighter on Oct 13, 2022.
             Frozen to death by an endoplasm (5 damage)
             ... on level 1 of the Dungeon.
             The game lasted 00:00:08 (158 turns).

BritishOli the Trooper (Demonspawn Fighter)          Turns: 158, Time: 00:00:09

Health: -3/18      AC:  6    Str: 16    XL:     1   Next: 91%
Magic:  1/1        EV:  5    Int:  9    God:
Gold:   7          SH:  4    Dex: 12    Spells: 0/0 levels left

rFire   . . .      SeeInvis .    a - +0 long sword
rCold   . . .      Faith    .    c - +0 buckler
rNeg    . . .      Spirit   .    b - +0 scale mail
rPois   .          Reflect  .    (no helmet)
rElec   .          Harm     .    (no cloak)
rCorr   .          Rampage  .    (no gloves)
Will    .....                    (no boots)
Stlth   ..........               (no amulet)
HPRegen 0.23/turn                (no ring)
MPRegen 0.07/turn                (no ring)

@: constricted
A: no striking features
a: no special abilities


You were on level 1 of the Dungeon.
You visited 1 branch of the dungeon, and saw 1 of its levels.

You collected 7 gold pieces.

Inventory:

Hand Weapons
 a - a +0 long sword (weapon)
Armour
 b - a +0 scale mail (worn)
 c - a +0 buckler (worn)
Potions
 d - a potion of might


   Skills:
 + Level 3.1 Fighting
 + Level 2.0 Long Blades
 + Level 2.8 Armour
 + Level 2.8 Shields


You couldn't memorise any spells.
You didn't know any spells.
Your spell library was empty.

Dungeon Overview and Level Annotations

Branches:
Dungeon (1/15)

Altars:


Message History

The endoplasm freezes you.
You are frozen.
There are monsters nearby!
You hit the hobgoblin but do no damage.
The hobgoblin is heavily wounded.
The hobgoblin hits you but does no damage.
The endoplasm freezes you.
You are frozen.
You are too injured to fight recklessly!
You are too injured to fight recklessly!
You are too injured to fight recklessly!
The endoplasm attacks as you move away! You block the endoplasm's attack.
The quokka bites you.
* * * LOW HITPOINT WARNING * * *
The hobgoblin attacks as you move away! The hobgoblin closely misses you.
The quokka attacks as you move away! The quokka completely misses you.
The endoplasm attacks as you move away! The endoplasm closely misses you.
The quokka attacks as you move away! The quokka closely misses you.
The endoplasm attacks as you move away! You block the endoplasm's attack.
A ball python comes into view.
The ball python hisses angrily.
The quokka bites you.
* * * LOW HITPOINT WARNING * * *
The quokka attacks as you move away! The quokka barely misses you.
A ball python comes into view.
The ball python hisses angrily.
The endoplasm attacks as you move away!
The endoplasm hits you but does no damage.
You slash the ball python!
You kill the ball python!
The endoplasm barely misses you. The endoplasm freezes you.
You are frozen.
* * * LOW HITPOINT WARNING * * *
Your Long Blades skill increases to level 2!
You hit the endoplasm but do no damage. The ball python barely misses you.
The ball python grabs you. The ball python constricts you.
The endoplasm freezes you.
You are frozen.
You die...

.....# ....# ....# . ...
############# .. ...
#...........# ...###### #.#
#......####.# ........# #S#
#.........#.# ........# #@#
#......##.#.# ........######J#
#......#..#.#
.8.......w.g.gr######+#.#..#.#
.).........[...............#.#
.........############.#.#..#.#
.........# #.#.#.)#.#
.........# #.#.#..#.#
.........# #.#.#..#.##
.......... #.#.#......


You could see an endoplasm, a quokka, a hobgoblin and a ball python.

Vanquished Creatures
  A dart slug (D:1)
  3 ball pythons (D:1)
  A quokka (D:1)
  A kobold (D:1)
6 creatures vanquished.

Notes
Turn   | Place    | Note
-------+----------+-------------------------------------------
     0 | D:1      | BritishOli the Demonspawn Fighter began the quest for the
                  | Orb.
     0 | D:1      | Reached XP level 1. HP: 18/18 MP: 1/1
   158 | D:1      | Frozen to death by an endoplasm

Illustrated notes

Levels and vault maps discovered:
D:1:      tarquinn_simple_flora_water_f, layout_basic,
          shapermc_ecumenical_altar_pompeii, serial_shops, shop, st_stairs_1,
          minivault_11, chequers_serial_rivers_micro_e

Skill      XL: |  1 |
---------------+----+-----
Long Blades    | 2 |  2.0
Fighting       | |  3.1
Armour         | |  2.8
Shields        | |  2.8

Action                   || total
-------------------------++-------
Melee: Long sword        ||    13
Armor: Scale mail        ||     5
Dodge: Dodged            ||    11
Block: Buckler           ||     3

Table legend: (Time is in decaauts)
 A = Elapsed time spent in this place.
 B = Non-inter-level travel time spent in this place.
 C = Inter-level travel time spent in this place.
 D = Time resting spent in this place.
 E = Time spent auto-exploring this place.
 F = Levels seen in this place.
 G = Mean time per level.
                   A        B        C        D        E       F      G
               +--------+--------+--------+--------+--------+-----+--------+
         Total |    162 |    162 |      0 |      0 |    115 |   1 |  162.0 |
       Dungeon |    162 |    162 |      0 |      0 |    115 |   1 |  162.0 |
               +--------+--------+--------+--------+--------+-----+--------+

Top non-repeatable levels by time:
     D:1: 162 daAuts
